 Dungeon Crawl Stone Soup version 0.19-a0-1384-gbb462ca (webtiles) character file.

2951 aronpayne the Fighter (level 10, -7/82 HPs)
             Began as a Formicid Fighter on Aug 24, 2016.
             Was a Priest of Okawaru.
             Mangled by Gastronok (13 damage)
             ... on level 9 of the Dungeon on Sept 3, 2016.
             The game lasted 00:30:08 (6922 turns).

aronpayne the Fighter (Formicid Fighter)            Turns: 6922, Time: 00:30:09

Health: -7/82      AC: 14    Str: 23    XL:     10   Next: 7%
Magic:  13/13      EV:  9    Int:  8    God:    Okawaru [***...]
Gold:   433        SH: 11    Dex: 11    Spells: 0 memorised, 9 levels left

rFire  . . .     SeeInvis +     a - +1 long sword
rCold  . . .     Gourm    .     s - +0 chain mail
rNeg   + . .     Faith    .     c - +0 shield
rPois  .         Spirit   .     (helmet unavailable)
rElec  .         Dismiss  .     j - +0 cloak
rCorr  .         Reflect  .     o - +0 pair of gloves
MR     +....     Harm     .     d - +0 pair of boots
Stlth  ..........               (no amulet)
                                (no ring)
                                E - ring of positive energy

@: lethally poisoned (-7 -> -9)
A: permanent stasis, dig shafts and tunnels, four strong arms, antennae 3
a: Dig, Shaft Self, Heroism, Renounce Religion


You were on level 9 of the Dungeon.
You worshipped Okawaru.
Okawaru was most pleased with you.
You were not hungry.

You visited 1 branch of the dungeon, and saw 9 of its levels.

You collected 433 gold pieces.

Inventory:

Hand Weapons
 a - a +1 long sword (weapon)
 H - a +1 long sword of electrocution
Armour
 c - a +0 shield (worn)
 d - a +0 pair of boots (worn)
 j - a +0 cloak (worn)
 o - a +0 pair of gloves (worn)
 s - a +0 chain mail (worn)
Jewellery
 E - a ring of positive energy (left hand)
 F - an uncursed ring of poison resistance {unknown}
Wands
 G - a wand of flame (31/48)
Scrolls
 e - 5 scrolls of remove curse
 g - a scroll of immolation {unknown}
 l - 4 scrolls of teleportation {unknown}
 n - a scroll of recharging {unknown}
 t - 5 scrolls of identify
 u - 2 scrolls of fog {unknown}
 v - a scroll of fear {unknown}
 y - 2 scrolls of random uselessness {unknown}
 B - a scroll of noise {unknown}
Potions
 b - 2 potions of agility {unknown}
 h - a potion of resistance {unknown}
 i - a potion of flight {unknown}
 m - 4 potions of heal wounds {unknown}
 q - 3 potions of haste {unknown}
 r - 3 potions of cancellation {unknown}
 w - 2 potions of lignification {unknown}
 x - 2 potions of curing {unknown}
 A - a potion of ambrosia {unknown}
Books
 p - a book of the Warp

   Spells                             Type                      Level
   a - Gell's Gravitas                Hexes/Translocation          3
   b - Force Lance                    Conjuration/Translocation    4
   c - Summon Forest                  Summoning/Translocation      5
   d - Dispersal                      Translocation                6
   e - Controlled Blink               Translocation                8
   f - Disjunction                    Translocation                8
Comestibles
 f - 6 bread rations
 k - 4 meat rations
 z - a beef jerky
 C - 3 fruits
 D - 15 chunks of flesh


   Skills:
 * Level 8.8 Fighting
 + Level 5.4 Long Blades
 + Level 6.3 Armour
 + Level 4.3 Dodging
 + Level 7.1 Shields
 * Level 5.0 Invocations


You had 9 spell levels left.
You didn't know any spells.

Dungeon Overview and Level Annotations

Branches:
Dungeon (9/15)             Temple (0/1) D:7            Lair (0/6) D:9
    Orc: D:9-12

Altars:
Ashenzari
Fedhas
Kikubaaqudgha
Nemelex Xobeh
Okawaru
Sif Muna
Trog
Uskayaw

Annotations:
D:6 Blork the orc
D:9 Gastronok


Innate Abilities, Weirdness & Mutations

You are under a permanent stasis effect.
You can dig through walls and to a lower floor.
Your four strong arms can wield two-handed weapons with a shield.
You have a pair of large antennae on your head. (SInv)


Message History

You feel sick.
You slash Gastronok!
Gastronok is lightly wounded.
You block Gastronok's attack.
You slash Gastronok!
Gastronok is lightly wounded.
You feel sick.
You hit Gastronok but do no damage.
Gastronok is lightly wounded.
Gastronok bites you!!
* * * LOW HITPOINT WARNING * * *
You hit Gastronok.
Gastronok is lightly wounded.
You feel sick.
You hit Gastronok.
Gastronok is moderately wounded.
You feel like a meek peon again.
Gastronok is buffeted by a sudden breeze.
Gastronok bites you!
You die...

#w...P.PPPPP.. ##.#..
#.#....P......
.....##....%P)......
###.....+....((###...
........#...r.(#######
...........⌠.⌠...... #
#......#'.._.......
.##.##..####..⌠.⌠......
.........)@w.#..##+########
##.##..####.##............
.........# #.##............
..#....>..##)##............
#.......##)##............
.........#..).#......<....
#..######.#....#...........
#.. ?#....############ #.
.#....#


You could see Gastronok.

Vanquished Creatures
  Pikel (D:4)
  Sigmund (D:3)
  A hippogriff (D:7)
  Duvessa (D:5)
  2 ice beasts
  A black bear (D:7)
  A sky beast (D:5)
  An orc warrior (D:7)
  3 ogres
  A big kobold (D:9)
  A gnoll sergeant (D:9)
  A giant frog (D:6)
  A scorpion (D:9)
  Dowan (D:5)
  4 killer bees (D:9)
  A howler monkey (D:6)
  2 crimson imps
  A giant frog zombie (D:7)
  2 orc priests
  A jelly (D:9)
  2 hounds
  An iguana (D:5)
  A giant frog skeleton (D:7)
  5 orc wizards
  2 worker ants
  A hound skeleton (D:7)
  2 worker ant zombies
  10 gnolls
  7 adders
  An ooze (D:1)
  An adder zombie (D:9)
  3 adder skeletons
  4 worms
  4 dart slugs
  5 giant geckos
  18 orcs
  5 giant cockroaches
  4 goblins
  8 hobgoblins
  3 jackals (D:3)
  2 quokkas
  3 ball pythons
  8 bats
  A giant cockroach zombie (D:5)
  4 giant newts
  16 kobolds
  47 rats
196 creatures vanquished.

Vanquished Creatures (others)
  A fungus (D:9)
1 creature vanquished.

Grand Total: 197 creatures vanquished

Notes
Turn   | Place    | Note
-------+----------+-------------------------------------------
     0 | D:1      | aronpayne the Formicid Fighter began the quest for the Orb.
     0 | D:1      | Reached XP level 1. HP: 18/18 MP: 1/1
   120 | D:1      | Reached XP level 2. HP: 24/24 MP: 2/2
   268 | D:1      | Reached XP level 3. HP: 26/30 MP: 3/3
   550 | D:2      | Reached skill level 4 in Fighting
   715 | D:2      | Reached XP level 4. HP: 37/37 MP: 4/4
  1116 | D:2      | Reached skill level 1 in Dodging
  1480 | D:2      | Reached XP level 5. HP: 42/42 MP: 5/5
  1941 | D:3      | Noticed Sigmund
  1961 | D:3      | Killed Sigmund
  1961 | D:3      | Reached skill level 5 in Fighting
  1961 | D:3      | Reached XP level 6. HP: 33/51 MP: 6/6
  2152 | D:3      | Found a shattered altar of Ashenzari.
  2196 | D:3      | Found an ancient bone altar of Kikubaaqudgha.
  2196 | D:3      | Found an iron altar of Okawaru.
  2200 | D:3      | Became a worshipper of Warmaster Okawaru
  2776 | D:4      | Found a blossoming altar of Fedhas.
  2815 | D:4      | Noticed Pikel
  2815 | D:4      | Noticed a slave
  2815 | D:4      | Noticed a slave
  2816 | D:4      | Noticed a slave
  2816 | D:4      | Noticed a slave
  2845 | D:4      | Killed Pikel
  2845 | D:4      | Reached * piety under Okawaru
  2845 | D:4      | Reached skill level 6 in Fighting
  2845 | D:4      | Reached skill level 5 in Shields
  2845 | D:4      | Reached XP level 7. HP: 38/58 MP: 7/7
  2845 | D:4      | Reached XP level 8. HP: 42/64 MP: 8/8
  3235 | D:5      | Entered Level 5 of the Dungeon
  3257 | D:5      | Reached skill level 5 in Armour
  3266 | D:5      | Noticed Duvessa
  3267 | D:5      | Noticed Dowan
  3278 | D:5      | Killed Dowan
  3282 | D:5      | Killed Duvessa
  3696 | D:5      | Reached skill level 7 in Fighting
  3788 | D:5      | Found a hide-covered altar of Uskayaw.
  3889 | D:5      | Reached ** piety under Okawaru
  3889 | D:5      | Reached skill level 1 in Invocations
  4257 | D:6      | Noticed Blork the orc
  4265 | D:6      | Found a deep blue altar of Sif Muna.
  4509 | D:6      | Reached XP level 9. HP: 42/72 MP: 8/10
  5297 | D:7      | Found a bloodstained altar of Trog.
  5589 | D:7      | Reached skill level 5 in Long Blades
  5609 | D:7      | Found a staircase to the Ecumenical Temple.
  6217 | D:7      | Reached skill level 8 in Fighting
  6400 | D:8      | Upgraded the game from 0.19-a0-1223-gf83d13a to 0.19-a0-1384-gbb462ca
  6734 | D:9      | Found a sparkling altar of Nemelex Xobeh.
  6803 | D:9      | Reached *** piety under Okawaru
  6807 | D:9      | Reached XP level 10. HP: 72/82 MP: 13/13
  6881 | D:9      | Noticed Gastronok
  6882 | D:9      | Found a staircase to the Lair.
  6909 | D:9      | Reached skill level 5 in Invocations
  6922 | D:9      | Mangled by Gastronok

Vault maps used:
D:1:      onia_arrival_mini_maze_b
D:2:      first_bread, minmay_rats_cheesy_pizza
D:3:      gammafunk_temple_overflow_elements, ashenzari_altar_1, uniq_sigmund
D:4:      lemuel_round_altar, uniq_pikel
D:5:      serial_glass, glass_columns_a, glass_columns_b, glass_columns_a,
          glass_columns_c, hangedman_decor_growths, grunt_ministairs_13,
          lemuel_tele_altar, uniq_duvessa
D:6:      tgw_sif
D:7:      basic_altar
D:9:      nemelex_xobeh_ov_fountains_minmay, due_lair_maze_entry_diamond,
          orc_0_dummy, uniq_psyche, uniq_erolcha, uniq_gastronok, uniq_maurice

Skill      XL: |  1  2  3  4  5  6  7  8  9 10 |
---------------+-------------------------------+-----
Fighting       | 4 5 6 7 8 |  8.8
Shields        | 4 5 6 7 |  7.1
Dodging        | 1 2 3 4 |  4.3
Long Blades    | 3 4 5 |  5.4
Armour         | 4 5 6 |  6.3
Invocations    | 1 4 5 |  5.0

Action                   |  1- 3 |  4- 6 |  7- 9 | 10-12 || total
-------------------------+-------+-------+-------+-------++-------
Melee: Long sword        |   104 |   298 |   411 |    38 ||   851
Invok: Heroism           |       |       |     2 |     1 ||     3
 Abil: Dig               |       |     1 |     1 |       ||     2
  Use: Potion            |       |     1 |     1 |       ||     2
       Scroll            |       |     5 |     3 |       ||     8
  Eat: Chunk             |       |     6 |    10 |     1 ||    17
       Pizza             |       |     1 |       |       ||     1
       Fruit             |       |       |     1 |       ||     1
       Beef jerky        |       |       |     1 |       ||     1
Armor: Scale mail        |    33 |    54 |       |       ||    87
       Chain mail        |       |    72 |   147 |    19 ||   238
Dodge: Dodged            |    29 |    88 |   115 |     8 ||   240
Block: Shield            |    51 |   107 |   172 |    28 ||   358
